 Dungeon Crawl Stone Soup version 0.15.0-23-gc2b521c (webtiles) character file.

7266 Kex the Ducker (level 10, -1/98 HPs)
             Began as a Troll Warper on Sept 8, 2014.
             Was a Priest of Qazlal.
             Succumbed to a black mamba's poison
             ... on Level 1 of the Lair of Beasts on Sept 9, 2014.
             The game lasted 01:00:09 (10683 turns).

Kex the Ducker (Troll Warper)                      Turns: 10683, Time: 01:00:10

HP  -1/98        AC  6     Str 21      XL: 10   Next: 89%
MP   1/17        EV 13     Int  9      God: Qazlal [***...]
Gold 320         SH  4     Dex 12      Spells:  4 memorised, 10 levels left

rFire  . . .     SeeInvis .       - Unarmed
rCold  . . .     Clarity  +     u - +1 robe {MR+}
rNeg   . . .     rCorr    .     (shield restricted)
rPois  .         rRot     .     (helmet restricted)
rElec  .         Spirit   .     (no cloak)
SustAb .         Warding  .     (gloves unavailable)
rMut   .         Stasis   .     (boots unavailable)
Gourm  +                        s - amulet of clarity
MR     +....                    (no ring)
                                (no ring)

@: lethally poisoned, somewhat resistant to hostile enchantments, very
unstealthy
A: unfitting armour, claws 3, fast metabolism 3, gourmand, regeneration 2,
saprovore 2, shaggy fur 1, tough skin 2
a: Upheaval, Elemental Force, Renounce Religion


You were on level 1 of the Lair of Beasts.
You worshipped Qazlal.
Qazlal was most pleased with you.
You were very full.

You visited 3 branches of the dungeon, and saw 12 of its levels.
You also visited: Sewer.

You collected 320 gold pieces.

Inventory:

Missiles
 e - 4 tomahawks of dispersal (quivered)
Armour
 u - a +1 robe of magic resistance (worn)
Magical devices
 f - a wand of digging (17)
 r - a wand of random effects (14)
 t - a wand of heal wounds (0)
 U - a wand of digging (14)
Comestibles
 a - 3 meat rations
 m - 11 bread rations
 o - 4 rotting chunks of crocodile flesh
 Q - 3 beef jerkies
 R - 12 fruits
Scrolls
 d - 4 scrolls of blinking
 h - 3 scrolls of fear
 l - 5 scrolls of amnesia
 p - a scroll of random uselessness {unknown}
 v - a scroll of immolation
 y - 2 scrolls of fog {unknown}
 E - 2 scrolls of noise {unknown}
 G - 3 scrolls of teleportation {unknown}
 I - 4 scrolls of recharging
 K - 3 scrolls of remove curse {unknown}
 S - 2 scrolls of identify
Jewellery
 k - a cursed -2 ring of intelligence {unknown}
 s - an amulet of clarity (around neck)
 B - a +2 ring of strength {unknown}
 C - an uncursed amulet of the gourmand
 F - an uncursed ring of fire
 P - an uncursed ring of poison resistance {unknown}
Potions
 b - a potion of invisibility {unknown}
 g - 9 potions of heal wounds {unknown}
 i - 3 potions of agility {unknown}
 j - 7 potions of curing {unknown}
 n - 2 potions of confusion {unknown}
 q - 3 potions of poison {unknown}
 w - 3 potions of magic {unknown}
 x - 2 potions of might {unknown}
 z - a potion of haste {unknown}
 A - 9 potions of brilliance {unknown}
 D - a potion of restore abilities {unknown}
 H - a potion of flight {unknown}
 L - a potion of degeneration {unknown}
 O - a potion of cancellation {unknown}
 T - a potion of resistance {unknown}
Books
 c - a book of Spatial Translocations

   Spells                             Type                      Level
   *Apportation                       Translocation                1
   *Blink                             Translocation                2
   Shroud of Golubria                 Charms/Translocation         2
   Portal Projectile                  Translocation                3
   *Teleport Other                    Translocation                3
   Passage of Golubria                Translocation                4
 M - the Papyrus of Destructive Contamination
   (You found it on level 7 of the Dungeon)

   Spells                             Type                      Level
   *Sting                             Conjuration/Poison           1
   Cure Poison                        Poison                       2
   Olgreb's Toxic Radiance            Poison                       4
   Venom Bolt                         Conjuration/Poison           5
   Poisonous Cloud                    Conjuration/Poison/Air       6
 W - a book of Dreams

   Spells                             Type                      Level
   Ensorcelled Hibernation            Hexes/Ice                    2
   Flight                             Charms/Air                   3
   Phase Shift                        Translocation                5
   Shadow Creatures                   Summoning                    5
   Mass Confusion                     Hexes                        6
   Darkness                           Hexes                        7


   Skills:
 + Level 6.0 Fighting
 - Level 0.8 Throwing
 + Level 7.8 Dodging
 - Level 1.0 Stealth
 + Level 7.1 Unarmed Combat
 * Level 4.2 Spellcasting
 * Level 2.7 Conjurations
 * Level 5.4 Translocations
 - Level 0.1 Poison Magic
 * Level 1.5 Evocations


You had 10 spell levels left.
You knew the following spells:

 Your Spells              Type           Power        Failure   Level  Hunger
a - Sting                 Conj/Pois      #...         17%         1    #......
b - Blink                 Tloc           N/A          4%          2    ##.....
c - Teleport Other        Tloc           ##......     10%         3    ####...
d - Apportation           Tloc           ##........   2%          1    #......


Dungeon Overview and Level Annotations

Branches:
Dungeon (10/15)            Temple (1/1) D:5            Lair (1/8) D:9
    Orc: D:9-12

Altars:
Ashenzari
Cheibriados
Dithmenos
Elyvilon
Fedhas
Kikubaaqudgha
Okawaru
Qazlal
Sif Muna
Trog
Vehumet
Xom
Yredelemnul
Zin
The Shining One

Shops:
D:5 [


Innate Abilities, Weirdness & Mutations

You are too large for most types of armour.
You have claws for hands.
Your metabolism is lightning-fast.
You like to eat raw meat.
You heal very quickly.
You can eat rotten meat.
You are covered in fur (AC +1).
You have very tough skin (AC +2).


Message History

You are lethally poisoned!
The black mamba poisons you!
The black mamba bites you but does no damage.
You barely miss the black mamba. You claw the black mamba!
The black mamba is almost dead.
* * * LOW HITPOINT WARNING * * *
You feel sick. The black mamba bites you.
* * * LOW HITPOINT WARNING * * *
You are more poisoned.
The black mamba poisons you!
You scratch the black mamba but do no damage.
Your punch misses the black mamba.
The black mamba is almost dead.
* * * LOW HITPOINT WARNING * * *
You feel very sick. The black mamba completely misses you.
The black mamba bites you!
* * * LOW HITPOINT WARNING * * *
You scratch the black mamba but do no damage.
The black mamba is almost dead.
You die...

##..#.......#......%..
#.§#.................
#..........#.........
##..#.................
#...#.......#.........
##..#.......#.........
#..........#........P
#..#§###.###.........
#...@................
##...S............)...
#.....................
##....................
#....................
##%##.#.######....##.#
#..#.............#....
##.#.........#........
##.#.>.......#........


You could see a black mamba (bleeding).

Vanquished Creatures
  The ghost of Zrachosh the Conjurer, an experienced OpCj of Sif Muna (D:6)
  Joseph (D:8)
  A fire drake (Lair:1)
  A spriggan (D:7)
  The ghost of SkaryMonk the Cudgeler, an average GrFi (D:4)
  A basilisk (Lair:1)
  A hungry ghost (D:8)
  5 humans (D:7)
  6 yaks (Lair:1)
  A hippogriff (D:9)
  3 sky beasts
  2 phantoms
  A black bear (D:9)
  An ice beast (D:6)
  3 orc warriors
  3 big kobolds
  4 centaurs
  A crocodile (Lair:1)
  2 ogres (D:5)
  A gnoll sergeant (D:7)
  6 giant frogs
  A scorpion (D:7)
  An electric eel (Lair:1)
  3 killer bees (D:8)
  A yak skeleton (D:7)
  A hippogriff skeleton (D:5)
  A goliath beetle (D:6)
  2 crimson imps
  13 orc wizards
  4 orc priests
  3 jellies
  A quasit (D:6)
  5 hounds
  6 iguanas
  7 worker ants
  Jessica (D:2)
  A hound zombie (D:7)
  A human simulacrum (D:9)
  Terence (D:2)
  11 gnolls
  An orc zombie (D:7)
  8 adders
  3 shadow imps
  5 giant mites
  2 worms (D:3)
  3 orc skeletons (D:4)
  2 adder skeletons
  An ooze (D:2)
  33 orcs
  A ball python (D:3)
  16 bats
  A bat zombie (D:5)
  7 giant cockroaches
  16 goblins
  16 hobgoblins
  6 jackals
  29 kobolds
  7 quokkas
  7 giant geckos
  7 giant newts
  A goblin skeleton (D:5)
  22 rats
  A rat skeleton (D:4)
305 creatures vanquished.

Vanquished Creatures (others)
  An orc wizard (D:9)
  A human simulacrum (D:9)
2 creatures vanquished.

Grand Total: 307 creatures vanquished

Notes
Turn   | Place    | Note
--------------------------------------------------------------
     0 | D:1      | Kex, the Troll Warper, began the quest for the Orb.
     0 | D:1      | Reached XP level 1. HP: 19/19 MP: 2/2
     8 | D:1      | Noticed a polar bear
     8 | D:1      | Noticed a swamp drake
     8 | D:1      | Noticed a wolf
     8 | D:1      | Noticed a black mamba
     8 | D:1      | Noticed a komodo dragon
   132 | D:1      | Reached XP level 2. HP: 24/27 MP: 2/2
   927 | D:2      | Reached XP level 3. HP: 35/35 MP: 1/3
   956 | D:2      | Noticed Terence
   968 | D:2      | Killed Terence
  1045 | D:2      | Noticed Jessica
  1048 | D:2      | Killed Jessica
  1319 | D:2      | Reached XP level 4. HP: 42/42 MP: 4/4
  1481 | D:2      | Reached skill level 3 in Dodging
  1627 | D:3      | Found a shattered altar of Ashenzari.
  2095 | D:3      | Found an iron altar of Okawaru.
  2120 | D:3      | Reached XP level 5. HP: 39/49 MP: 4/4
  2237 | D:3      | Found a glowing drain.
  2269 | Sewer    | Entered a sewer
  2309 | Sewer    | HP: 2/49 [kobold (1)]
  2314 | Sewer    | HP: 2/50 [kobold (2)]
  2408 | Sewer    | Reached XP level 6. HP: 45/59 MP: 6/6
  3027 | D:4      | Found a white marble altar of Elyvilon.
  3098 | D:4      | Noticed SkaryMonk's ghost (average GrFi)
  3109 | D:4      | Killed SkaryMonk's ghost
  3109 | D:4      | Reached skill level 4 in Dodging
  3109 | D:4      | Reached XP level 7. HP: 10/67 MP: 6/6
  3590 | D:4      | Learned a level 2 spell: Blink
  3594 | D:4      | Learned a level 3 spell: Teleport Other
  3705 | D:4      | Found a shadowy altar of Dithmenos.
  3922 | D:5      | Entered Level 5 of the Dungeon
  4219 | D:5      | Found a staircase to the Ecumenical Temple.
  4246 | D:5      | Found Zyqaecw's Antique Armour Boutique.
  4333 | D:5      | Reached XP level 8. HP: 73/78 MP: 8/8
  4338 | D:5      | Reached skill level 5 in Dodging
  4565 | Temple   | Entered the Ecumenical Temple
  4748 | Temple   | Became a worshipper of Qazlal Stormbringer
  4791 | D:6      | Noticed Zrachosh's ghost (experienced OpCj)
  4924 | D:6      | Killed Zrachosh's ghost
  5078 | D:6      | Reached skill level 5 in Unarmed Combat
  5186 | D:6      | Reached skill level 6 in Dodging
  5186 | D:6      | Reached XP level 9. HP: 62/85 MP: 11/11
  5525 | D:6      | Acquired Qazlal's first power
  6000 | D:7      | Identified the Papyrus of Destructive Contamination
  6003 | D:7      | Learned a level 1 spell: Sting
  6129 | D:7      | Reached skill level 5 in Fighting
  6129 | D:7      | Reached skill level 1 in Stealth
  6516 | D:7      | Reached skill level 1 in Conjurations
  6639 | D:7      | Acquired Qazlal's second power
  7288 | D:7      | Reached XP level 10. HP: 96/96 MP: 14/14
  7323 | D:7      | Found an ancient bone altar of Kikubaaqudgha.
  7437 | D:7      | Reached skill level 7 in Dodging
  7759 | D:8      | Noticed Joseph
  7773 | D:8      | Killed Joseph
  7773 | D:8      | Reached skill level 5 in Translocations
  7783 | D:8      | Acquired Qazlal's third power
  8047 | D:8      | Found a deep blue altar of Sif Muna.
  8815 | D:9      | Found a glowing golden altar of the Shining One.
  8818 | D:9      | Found a staircase to the Lair.
  9521 | D:9      | Learned a level 1 spell: Apportation
  9559 | D:10     | Entered Level 10 of the Dungeon
  9604 | Lair:1   | Entered Level 1 of the Lair of Beasts
 10127 | Lair:1   | Reached skill level 1 in Evocations
 10526 | Lair:1   | Noticed a hill giant
 10647 | Lair:1   | Noticed a black mamba
 10682 | Lair:1   | HP: 2/98 [black mamba (11)]
 10683 | Lair:1   | Succumbed to a black mamba's poison

Action                   |  1- 3 |  4- 6 |  7- 9 | 10-12 || total
-------------------------+-------+-------+-------+-------++-------
Melee: Unarmed           |   113 |   208 |   492 |   307 ||  1120
Throw: Tomahawk          |       |       |       |     1 ||     1
 Cast: Apportation       |     8 |     4 |     3 |     3 ||    18
       Blink             |       |       |     7 |     6 ||    13
       Teleport Other    |       |       |    10 |     7 ||    17
       Sting             |       |       |     4 |    20 ||    24
Evoke: Wand              |     2 |     3 |     5 |     6 ||    16
  Use: Scroll            |       |       |     8 |       ||     8
 Stab: Sleeping          |       |     2 |       |       ||     2
  Eat: Chunk             |    15 |    15 |    45 |    38 ||   113
